 Dungeon Crawl Stone Soup version 0.30-a0-757-ga6a79fd877 (webtiles) character file.

Game seed: 7485956752019767478

43 avis the Shooter (level 3, -14/29 HPs)
             Began as a Demigod Hunter on Feb 10, 2023.
             Killed by divine providence
             ... invoked by an orc priest
              (15 damage)
             ... on level 1 of the Dungeon.
             The game lasted 00:05:25 (1489 turns).

avis the Shooter (Demigod Hunter)                   Turns: 1489, Time: 00:05:26

Health: -14/29     AC: 10    Str: 12    XL:     3   Next: 20%
Magic:  5/5        EV: 13    Int: 11    God:
Gold:   14         SH:  0    Dex: 21    Spells: 2/2 levels left

rFire   . . .      SeeInvis +    b - +0 falchion (protect)
rCold   . . .      Faith    .    (no shield)
rNeg    . . .      Spirit   .    c - +0 leather armour
rPois   .          Reflect  .    (no helmet)
rElec   .          Harm     .    (no cloak)
rCorr   .          Rampage  .    (no gloves)
Will    .....                    (no boots)
Stlth   ++                       (no amulet)
HPRegen 0.24/turn                g - ring of see invisible
MPRegen 0.09/turn                (no ring)

@: under a protective aura
A: high MP 1, forlorn, divine attributes
a: no special abilities


You were on level 1 of the Dungeon.
You visited 1 branch of the dungeon, and saw 2 of its levels.

You collected 14 gold pieces.

Inventory:

Hand Weapons
 a - a +0 shortbow
 b - a +0 falchion of protection (weapon)
Armour
 c - a +0 leather armour (worn)
Jewellery
 g - a ring of see invisible (left hand)
Scrolls
 d - a scroll of magic mapping {unknown}
 f - a scroll of poison {unknown}
 j - a scroll of identify {unknown}
 k - a scroll of silence {unknown}
 l - a scroll of enchant armour {unknown}
 m - a scroll of immolation
Potions
 e - a potion of heal wounds {unknown}
 h - a potion of might {unknown}
 i - a potion of curing {unknown}


   Skills:
 - Level 2.0 Fighting
 - Level 4.0 Ranged Weapons
 - Level 3.0 Dodging
 * Level 0.9 Stealth


You had 2 spell levels left.
You didn't know any spells.
Your spell library contained the following spells:

 Spells                   Type           Power      Damage    Failure   Level
 Apportation              Tloc           0%         N/A       41%         1
 Necrotise                Necr           0%         1d4       41%         1
 Summon Small Mammal      Summ           0%         N/A       41%         1
 Sublimation of Blood     Necr           0%         N/A       56%         2
 Wereblood                Tmut           0%         N/A       56%         2
 Summon Hydra             Summ           0%         N/A       100%        7


Dungeon Overview and Level Annotations

Branches:
Dungeon (2/15)


Innate Abilities, Weirdness & Mutations

You have an increased reservoir of magic. (+10% MP)
You shall have no god before yourself.
Your divine heritage dramatically boosts your attributes as you level up.


Message History

* * * LOW HITPOINT WARNING * * *
Fire: a) +0 shortbow
Press: ? - help, Q - select action Shift-Dir - straight line, f/p - orc priest
Aim: an orc priest, wielding a +0 whip (65% to hit)
You shoot an arrow. The arrow barely misses the orc priest.
The orc priest begins to cast a cantrip, but forgets the words!
Your +0 falchion of protection hums with potential!
b - a +0 falchion of protection (weapon)
The orc priest hits you with a +0 whip.
* * * LOW HITPOINT WARNING * * *
You slash the orc priest!
Your weapon exudes an aura of protection.
The orc priest is heavily wounded.
The orc priest looks braver for a moment.
You barely miss the orc priest.
The orc priest is heavily wounded.
The orc priest hits you but does no damage.
You hit the orc priest.
The orc priest is heavily wounded.
The orc priest closely misses you.
You hit the orc priest.
The orc priest is almost dead.
The orc priest completely misses you.
The orc priest looks encouraged for a moment.
You hit the orc priest but do no damage.
You punch the orc priest, but do no damage.
The orc priest is almost dead.
The orc priest hits you with a +0 whip.
* * * LOW HITPOINT WARNING * * *
You closely miss the orc priest.
The orc priest is almost dead.
The orc priest invokes the aid of Beogh against you.
You barely resist.
You hit the orc priest but do no damage.
The orc priest is almost dead.
The orc priest closely misses you.
The orc priest mumbles some strange prayers to Beogh against you.
Beogh smites you!
Ouch! That really hurt!
You die...

##........#.# #.
#.#####..#.# #. #.#
#..#.# #. #.# #..#.#
##. #.#
#..#.#######.. #.#
#..#)......... #.#
#...>.......#.
#.######.#.#..###.#.
#..@o.........# #.#.
######.....##.# #.#.
#.....##.###.#.
#.....##.#...#.
#.....##.#...#.
#..(..##.#...#.
#####.##.###.#.
#.##.###.#.
#........#.


You could see an orc priest.

Vanquished Creatures
  3 orcs (D:1)
  5 bats (D:1)
  3 endoplasms (D:1)
  A giant cockroach (D:1)
  3 goblins (D:1)
  3 hobgoblins (D:1)
  4 jackals (D:1)
  A quokka (D:1)
  6 ball pythons (D:1)
  3 frilled lizards (D:1)
  A kobold (D:1)
  3 rats (D:1)
36 creatures vanquished.

Notes
Turn   | Place    | Note
-------+----------+-------------------------------------------
     0 | D:1      | avis the Demigod Hunter began the quest for the Orb.
     0 | D:1      | Reached XP level 1. HP: 17/17 MP: 3/3
   354 | D:1      | Reached skill level 4 in Ranged Weapons
   367 | D:1      | Reached XP level 2. HP: 24/24 MP: 4/4
  1031 | D:1      | Reached XP level 3. HP: 29/29 MP: 5/5
  1487 | D:1      | HP: 1/29 [orc priest/+0 whip (4)]
  1489 | D:1      | Killed from afar by an orc priest

Illustrated notes

Levels and vault maps discovered:
D:1:      scummos_arrival_gate, layout_basic, minmay_cupped
D:2:      cheibrodos_pilgrimage, layout_loops_ring,
          hellmonk_ecumenical_altar_watching_god, uniq_terence, uniq_robin

Skill      XL: |  1  2  3 |
---------------+----------+-----
Fighting       | 2 |  2.0
Ranged Weapons | 4 |  4.0
Dodging        | 2 3 |  3.0
Stealth        | |  0.9

Action                     || total
---------------------------++-------
  Melee: Falchion          ||     7
         Punch             ||     1
   Fire: Shortbow          ||    79
 Armour: Leather armour    ||     5
  Dodge: Dodged            ||    26

Table legend: (Time is in decaauts)
 A = Elapsed time spent in this place.
 B = Non-inter-level travel time spent in this place.
 C = Inter-level travel time spent in this place.
 D = Time resting spent in this place.
 E = Time spent auto-exploring this place.
 F = Levels seen in this place.
 G = Mean time per level.
                   A        B        C        D        E       F      G
               +--------+--------+--------+--------+--------+-----+--------+
         Total |   1519 |   1442 |     77 |    503 |    656 |   2 |  759.5 |
       Dungeon |   1519 |   1442 |     77 |    503 |    656 |   2 |  759.5 |
               +--------+--------+--------+--------+--------+-----+--------+

Top non-repeatable levels by time:
     D:1: 1503 daAuts
     D:2: 16 daAuts
